 Dungeon Crawl Stone Soup version 0.26.1-2-gb8aa6d0cf2 (webtiles) character file.

Game seed: 2566903576671398953

31 DearestLeader the Sneak (level 3, -2/16 HPs)
             Began as a Spriggan Enchanter on Mar 16, 2021.
             Killed from afar by Sigmund (8 damage)
             ... with a puff of flame
             ... on level 2 of the Dungeon on Mar 17, 2021.
             The game lasted 00:03:27 (1576 turns).

DearestLeader the Sneak (Spriggan Enchanter)        Turns: 1576, Time: 00:03:29

Health: -2/16      AC:  3    Str:  4    XL:     3   Next: 7%
Magic:  0/8        EV: 18    Int: 17    God:
Gold:   48         SH:  0    Dex: 16    Spells: 4/7 levels left

rFire    . . .     SeeInvis +   a - +1 dagger
rCold    . . .     Faith    .   (shield restricted)
rNeg     . . .     Spirit   .   g - +0 robe (curse)
rPois    .         Reflect  .   (helmet restricted)
rElec    .         Harm     .   c - +0 cloak
rCorr    .         Rampage  .   (gloves unavailable)
Will     .....                  (boots unavailable)
Stlth    +++.......             (no amulet)
HPRegen  0.05/turn              (no ring)
MPRegen  0.11/turn              (no ring)

@: very quick
A: very small, unfitting armour, see invisible, speed 3
a: no special abilities


You were on level 2 of the Dungeon.
You visited 1 branch of the dungeon, and saw 2 of its levels.

You collected 48 gold pieces.

Inventory:

Hand Weapons
 a - a +1 dagger (weapon)
Armour
 c - a +0 cloak (worn)
 g - a cursed +0 robe (worn)
Scrolls
 b - a scroll of amnesia {unknown}
 d - a scroll of identify {unknown}
 f - a scroll of enchant weapon {unknown}
Potions
 e - a potion of resistance {unknown}
 h - 2 potions of attraction {unknown}


   Skills:
 - Level 1.1 Short Blades
 - Level 3.0 Dodging
 + Level 5.1 Stealth
 - Level 2.6 Spellcasting
 * Level 4.7 Hexes


You had 4 spell levels left.
You knew the following spells:

 Your Spells              Type           Power        Failure   Level
a - Corona                Hex            20%          2%          1
b - Ensorcelled Hibernat  Hex/Ice        20%          11%         2

Your spell library contained the following spells:

 Spells                   Type           Power        Failure   Level
 Confusing Touch          Hex            18%          8%          3
 Tukima's Dance           Hex            18%          8%          3
 Dazzling Flash           Conj/Hex       20%          21%         3


Dungeon Overview and Level Annotations

Branches:
Dungeon (2/15)

Altars:

Annotations:
D:2 Sigmund


Innate Abilities, Weirdness & Mutations

You are very small and have problems with some larger weapons.
You are too small for most types of armour.
You have supernaturally acute eyesight. (SInv)
You cover ground extremely quickly.


Message History

Sigmund is almost dead.
The frilled lizard closely misses you. Sigmund completely misses you.
You hit Sigmund.
Sigmund is almost dead.
The frilled lizard bites you but does no damage.
Casting: Ensorcelled Hibernation (safe; 11% risk of failure)
Confirm with . or Enter, or press ? or * to list all spells.
Aiming: Ensorcelled Hibernation (safe; 11% risk of failure)
Press: ? - help, Shift-Dir - straight line, f/p - Sigmund
Aim: Sigmund, wielding a +0 scythe and wearing a +0 robe (almost dead, softly glowing, not susceptible) Sigmund is unaffected.
Sigmund gestures at you while chanting. The magic dart hits you.
The frilled lizard misses you.
You hit Sigmund.
Sigmund is almost dead.
Sigmund screams, "Don't try to resist!"
Sigmund points at you and mumbles some strange words.
The puff of flame hits you!
Ouch! That really hurt!
You die...

.....#รท.....### #..........#####
..............# ##..............
............#.## #..######.####.
######......#..# #..##........#.
#######.....##.## #..##........#.
............##..# #..##........#.
###############.###..##........#.
#..##..##........#.
##@##..##........#.
$.....l@##..######.####.
............# #. .........#.## #.
########.... #. ##... #. ... ##
##.##


You could see Sigmund (corona) and a frilled lizard.

Vanquished Creatures
  An ooze (D:1)
  A worm (D:2)
  2 dart slugs
  A giant cockroach (D:1)
  3 hobgoblins (D:2)
  A ball python (D:2)
  3 bats
  2 frilled lizards
  4 goblins
  2 kobolds
  3 rats (D:2)
23 creatures vanquished.

Notes
Turn   | Place    | Note
-------+----------+-------------------------------------------
     0 | D:1      | DearestLeader the Spriggan Enchanter began the quest for
                  | the Orb.
     0 | D:1      | Reached XP level 1. HP: 9/9 MP: 5/5
   181 | D:1      | Reached XP level 2. HP: 13/13 MP: 6/6
   597 | D:2      | Learned a level 2 spell: Ensorcelled Hibernation
   900 | D:2      | Reached skill level 5 in Stealth
  1137 | D:2      | Noticed Sigmund
  1302 | D:2      | Reached XP level 3. HP: 5/16 MP: 0/8
  1576 | D:2      | Killed from afar by Sigmund

Illustrated notes

Levels and vault maps discovered:
D:1:      lightli_arrival_statuegarden, layout_rooms, minmay_misc_feat_iff
D:2:      layout_basic, uniq_sigmund, uniq_terence

Skill      XL: |  1  2 |
---------------+-------+-----
Hexes          | 4 |  4.7
Stealth        | 5 |  5.1
Short Blades   | |  1.1
Dodging        | |  3.0
Spellcasting   | |  2.6

Action                   || total
-------------------------++-------
Melee: Dagger            ||   101
 Cast: Corona            ||    12
       Ensorcelled Hiber ||    14
 Stab: Sleeping          ||    12
Armor: Robe              ||    17
Dodge: Dodged            ||    94
